 Dungeon Crawl Stone Soup version 0.30-a0-1035-g38d5fb2972 (webtiles) character file.

Game seed: 7421443468764226522

1765 MacCMillion the Grappler (level 8, -1/80 HPs)
             Began as a Troll Fighter on Apr 8, 2023.
             Was an Initiate of Wu Jian.
             Killed from afar by an electric eel (11 damage)
             ... with a bolt of electricity
             ... on level 7 of the Dungeon.
             The game lasted 00:12:13 (6270 turns).

MacCMillion the Grappler (Troll Fighter)            Turns: 6270, Time: 00:12:13

Health: -1/80      AC:  6    Str: 25    XL:     8   Next: 79%
Magic:  7/7        EV:  8    Int:  6    God:    Wu Jian [......]
Gold:   246        SH:  8    Dex:  9    Spells: 7/7 levels left

rFire   . . .      SeeInvis +      - Unarmed
rCold   + . .      Faith    .    b - +0 kite shield
rNeg    . . .      Spirit   .    a - +0 robe
rPois   .          Reflect  .    x - +2 hat
rElec   .          Rampage  .    (no cloak)
rCorr   .                        (gloves unavailable)
Will    .....                    (boots unavailable)
Stlth   +                        s - amulet of the acrobat
HPRegen 1.13/turn                g - ring of protection from cold
MPRegen 0.10/turn                e - ring of see invisible

@: no status effects
A: large, unfitting armour, claws 3, regeneration 1, shaggy fur 1, tough skin 1
a: Renounce Religion


You were on level 7 of the Dungeon.
You worshipped Wu Jian.
Wu Jian was noncommittal.
You visited 2 branches of the dungeon, and saw 8 of its levels.
You also visited: Ossuary.

You collected 246 gold pieces.

Inventory:

Missiles
 y - 16 poisoned darts (quivered)
 z - 6 javelins
 A - 2 boomerangs
Armour
 a - a +0 robe (worn)
 b - a +0 kite shield (worn)
 x - a +2 hat (worn)
Jewellery
 e - a ring of see invisible (right claw)
 g - a ring of protection from cold (left claw)
 i - a ring of flight
 s - an amulet of the acrobat (around neck)
 w - a ring of magical power
Scrolls
 f - 2 scrolls of fear
 h - 2 scrolls of teleportation
 n - a scroll of torment
 o - a scroll of summoning
 q - a scroll of noise
 t - 4 scrolls of enchant armour {unknown}
 u - 2 scrolls of acquirement {unknown}
 B - a scroll of enchant weapon {unknown}
 C - a scroll of immolation {unknown}
Potions
 c - a potion of might
 d - 5 potions of mutation
 j - 4 potions of curing
 k - a potion of heal wounds
 l - 5 potions of haste
 m - 3 potions of attraction {unknown}
 p - a potion of degeneration {unknown}
 r - 3 potions of flight {unknown}
 v - a potion of lignification {unknown}


   Skills:
 + Level 5.3 Fighting
 - Level 2.4 Dodging
 + Level 5.8 Shields
 * Level 8.3 Unarmed Combat


You had 7 spell levels left.
You didn't know any spells.
Your spell library contained the following spells:

 Spells                   Type           Power      Damage    Failure   Level
 Blink                    Tloc           0%         N/A       85%         2
 Ensorcelled Hibernation  Hex/Ice        0%         N/A       85%         2
 Lesser Beckoning         Tloc           0%         N/A       85%         2
 Momentum Strike          Conj/Tloc      0%         3d8       85%         2
 Passwall                 Tmut/Erth      0%         N/A       85%         2
 Swiftness                Air            0%         N/A       97%         3
 Summon Forest            Summ/Tloc      0%         N/A       100%        5
 Conjure Ball Lightning   Conj/Air       0%         3x3d6     100%        6
 Eringya's Noxious Bog    Tmut/Pois      0%         N/A       100%        6
 Summon Hydra             Summ           0%         N/A       100%        7
 Discord                  Hex            0%         N/A       100%        8
 Disjunction              Tloc           0%         N/A       100%        8


Dungeon Overview and Level Annotations

Branches:
Dungeon (7/15)             Temple (1/1) D:5         Ossuary (visited)

Altars:
Ashenzari
Dithmenos
Elyvilon
Fedhas
Gozag
Hepliaklqana
Kikubaaqudgha
Nemelex Xobeh
Qazlal
Ru
Sif Muna
Vehumet
Wu Jian
Yredelemnul
Zin

Shops:
D:6 [

Annotations:
D:5 2 transporters, dluga93's ghost, novice OpFE
D:6 3 runed translucent doors, MacCMillion's ghost, novice MiFi; NoOffense's ghost, novice DEMo; glosham's ghost, weakling MeDe; iskra's ghost, novice GnRe


Innate Abilities, Weirdness & Mutations

You are too large for most types of armour.
You have claws for hands.
Your natural rate of healing is unusually fast.
You are covered in fur. (AC +1)
You have tough skin. (AC +1)


Message History

You assume a fearsome visage.
Nothing appears to happen.
It was a scroll of fear.
As you read the scroll labelled YROAJA OLIGODDOENG, it crumbles to dust.
You feel strangely unstable.
It was a scroll of teleportation.
Your surroundings suddenly seem different.
An electric eel comes into view.
Found a book of Weapons.
Found an escape hatch in the floor.
The electric eel shoots out a bolt of lightning at you!
The bolt of electricity hits you! x2
You hear a shout! x2
An iguana comes into view.
The iguana hisses angrily. 2 gnolls come into view.
The gnoll shouts!
You hear a bark!
A jackal comes into view.
You lunge at the electric eel.
You completely miss the electric eel.
The electric eel shoots out a bolt of lightning at you!
The bolt of electricity hits you! x2
You closely miss the electric eel.
The jackal barks!
You miss the electric eel.
The electric eel shoots out a bolt of lightning at you!
The bolt of electricity hits you! x2
You claw the electric eel!
The electric eel is almost dead.
You barely miss the electric eel.
The electric eel is almost dead.
The electric eel shoots out a bolt of lightning at you!
The bolt of electricity hits you!
* * * LOW HITPOINT WARNING * * *
The bolt of electricity hits you.
* * * LOW HITPOINT WARNING * * *
You closely miss the electric eel.
The electric eel is almost dead.
You block the jackal's attack. The iguana barely misses you.
The electric eel shoots out a bolt of lightning at you!
The bolt of electricity hits you!
* * * LOW HITPOINT WARNING * * *
The bolt of electricity hits you!
You die...

...# ############# ....
...........## # .....
#.........> .#. ...... #
#..#..# #... .......
##.##.#..# #....
#......##.......###.....
#.......................
.........h........
#........l@.......
.........≈S≈≈≈≈≈≈≈
.........≈≈g......
......≈≈≈≈g..##...
....≈≈.....## ..
..≈≈.....## . .≈......#
.≈.......


You could see an iguana, an electric eel, 2 gnolls and a jackal.

Vanquished Creatures
  Grinder (D:5)
  Eustachio (D:5)
  A water moccasin (D:6)
  2 ice beasts (D:6)
  A sky beast (D:6)
  A black bear (D:5)
  2 ogres
  3 elf zombies (Ossuary)
  2 centaur zombies (Ossuary)
  A jelly (D:5)
  A hound (D:6)
  3 human zombies (Ossuary)
  A sleepcap (D:4)
  An iguana (D:4)
  2 mummies (Ossuary)
  10 gnolls
  10 adders
  2 shadow imps
  A white imp (D:4)
  An adder zombie (Ossuary)
  2 dart slugs
  4 orcs
  6 bats
  7 endoplasms
  2 giant cockroaches
  7 goblins
  3 hobgoblins
  2 quokkas
  4 ball pythons
  A frilled lizard (D:2)
  A goblin zombie (Ossuary)
  5 hobgoblin zombies (Ossuary)
  7 kobolds
  9 kobold zombies (Ossuary)
  11 orc zombies (Ossuary)
  2 rats
  2 rat zombies (Ossuary)
122 creatures vanquished.

Vanquished Creatures (others)
  A plant (D:1)
1 creature vanquished.

Grand Total: 123 creatures vanquished

Notes
Turn   | Place    | Note
-------+----------+-------------------------------------------
     0 | D:1      | MacCMillion the Troll Fighter began the quest for the Orb.
     0 | D:1      | Reached XP level 1. HP: 22/22 MP: 0/0
   263 | D:1      | Reached XP level 2. HP: 29/29 MP: 1/1
   767 | D:2      | Reached skill level 3 in Unarmed Combat
   767 | D:2      | Reached XP level 3. HP: 36/36 MP: 2/2
  1753 | D:3      | Reached XP level 4. HP: 24/44 MP: 3/3
  2292 | D:4      | Noticed an ogre
  2307 | D:4      | Killed an ogre
  2308 | D:4      | Reached skill level 4 in Unarmed Combat
  2308 | D:4      | Reached XP level 5. HP: 45/53 MP: 4/4
  2361 | D:4      | Found a sand-covered staircase.
  2370 | Ossuary  | Entered an ossuary
  2766 | Ossuary  | Reached XP level 6. HP: 53/61 MP: 5/5
  2791 | Ossuary  | Reached skill level 5 in Unarmed Combat
  2917 | Ossuary  | Reached XP level 7. HP: 62/68 MP: 6/6
  3488 | D:4      | Reached skill level 6 in Unarmed Combat
  3678 | D:4      | Found a sacrificial altar of Ru.
  3814 | D:5      | Entered Level 5 of the Dungeon
  3877 | D:5      | Noticed dluga93's ghost (novice OpFE)
  3879 | D:5      | Noticed a hornet
  3894 | D:5      | Found a transporter.
  3902 | D:5      | Noticed Grinder
  3902 | D:5      | Paralysed by Grinder for 5 turns
  3911 | D:5      | Paralysed by Grinder for 4 turns
  3919 | D:5      | Paralysed by Grinder for 4 turns
  3926 | D:5      | Paralysed by Grinder for 2 turns
  3929 | D:5      | Killed Grinder
  4009 | D:5      | Found a transporter.
  4487 | D:5      | Reached skill level 5 in Shields
  4487 | D:5      | Reached XP level 8. HP: 60/79 MP: 7/7
  4505 | D:5      | Found a staircase to the Ecumenical Temple.
  4560 | Temple   | Entered the Ecumenical Temple
  4634 | Temple   | Became a worshipper of the Wu Jian Council
  4802 | D:5      | Noticed Eustachio
  4840 | D:5      | Killed Eustachio
  4841 | D:5      | Reached skill level 7 in Unarmed Combat
  5228 | D:6      | Found Moopp's Armour Shop.
  5255 | D:6      | Reached skill level 5 in Fighting
  5667 | D:6      | Reached skill level 8 in Unarmed Combat
  6013 | D:6      | Found a runed translucent gate.
  6013 | D:6      | Found a runed translucent gate.
  6013 | D:6      | Found a runed translucent gate.
  6015 | D:6      | Noticed NoOffense's ghost (novice DEMo)
  6015 | D:6      | Noticed glosham's ghost (weakling MeDe)
  6016 | D:6      | Noticed iskra's ghost (novice GnRe)
  6016 | D:6      | Noticed MacCMillion's ghost (novice MiFi)
  6270 | D:7      | Killed from afar by an electric eel

Illustrated notes

Levels and vault maps discovered:
D:1:      dpeg_arrival_erosion, layout_basic, serial_forest,
          infiniplex_forest_straight_2, infiniplex_forest_straight_3,
          infiniplex_forest_diagonal, infiniplex_forest_lined_3_way,
          infiniplex_forest_clump_cross, infiniplex_forest_straight_2,
          infiniplex_forest_clump_small, infiniplex_forest_straight_4,
          infiniplex_forest_clump_small
D:2:      layout_basic
D:3:      layout_rooms, serial_curves, eino_curves_02, eino_curves_02,
          chequers_serial_rivers_room_b, minmay_misc_feat_rows
D:4:      layout_cave_pools, nicolae_ru_path_of_blood,
          nicolae_ossuary_entry_ruins, small_statue_intersection
D:5:      layout_cave_pods, minmay_temple_entry_overgrown, gammafunk_ghost_hive,
          uniq_grinder, uniq_eustachio
D:6:      layout_basic, gammafunk_ghost_cemetery, serial_shops,
          nicolae_take_the_stairs
D:7:      minmay_recursive_quarters, layout_cave_pools, serial_shops,
          shop_fountains, serial_gnoll_camp, gnoll_camp_huts_moat,
          gnoll_camp_mini_basic, gnoll_camp_medium_01, gnoll_camp_medium_02,
          gnoll_camp_mini_hut, gnoll_camp_mini_sergeant, enter_bailey_3,
          hangedman_decor_clover_reticule, corexii_leaking_fountain,
          amethyst_killhole, uniq_duvessa
Temple:   nicolae_temple_bog_church

Skill      XL: |  1  2  3  4  5  6  7  8 |
---------------+-------------------------+-----
Shields        | 3 4 5 |  5.8
Unarmed Combat | 3 4 5 6 8 |  8.3
Fighting       | 3 4 5 |  5.3
Dodging        | |  2.4

Action                     |  1- 3 |  4- 6 |  7- 9 || total
---------------------------+-------+-------+-------++-------
  Melee: Unarmed           |    87 |   177 |   157 ||   421
Ability: Lunge             |       |       |    10 ||    10
    Use: Scroll            |       |       |     9 ||     9
 Armour: Robe              |    33 |    61 |    32 ||   126
  Dodge: Dodged            |    22 |    73 |    38 ||   133
  Block: Kite shield       |    34 |    57 |    43 ||   134

Table legend: (Time is in decaauts)
 A = Elapsed time spent in this place.
 B = Non-inter-level travel time spent in this place.
 C = Inter-level travel time spent in this place.
 D = Time resting spent in this place.
 E = Time spent auto-exploring this place.
 F = Levels seen in this place.
 G = Mean time per level.
                   A        B        C        D        E       F      G
               +--------+--------+--------+--------+--------+-----+--------+
         Total |   6288 |   5985 |    303 |   1069 |   3537 |   9 |  698.7 |
       Dungeon |   5273 |   4994 |    279 |    757 |   3260 |   7 |  753.3 |
        Temple |     99 |     75 |     24 |      0 |     58 |   1 |   99.0 |
       Ossuary |    914 |    914 |      0 |    312 |    219 |   1 |  914.0 |
               +--------+--------+--------+--------+--------+-----+--------+

Top non-repeatable levels by time:
     D:5: 1108 daAuts
     D:6: 1068 daAuts
     D:2: 921 daAuts
 Ossuary: 914 daAuts
     D:4: 793 daAuts
     D:3: 692 daAuts
     D:1: 660 daAuts
  Temple: 99 daAuts
     D:7: 30 daAuts
